 Dungeon Crawl Stone Soup version 0.26.0-45-g9c1d065592 (webtiles) character file.

Game seed: 13704853232021394379

73 growler the Gusty (level 4, 0/24 HPs)
             Began as a Tengu Air Elementalist on Jan 27, 2021.
             Shot with an arrow by a centaur (9 damage)
             ... on level 3 of the Dungeon.
             The game lasted 00:03:40 (2294 turns).

growler the Gusty (Tengu Air Elementalist)          Turns: 2294, Time: 00:03:40

Health: 0/24       AC:  2    Str:  8    XL:     4   Next: 27%
Magic:  3/9        EV: 13    Int: 16    God:
Gold:   56         SH:  0    Dex: 15    Spells: 2/8 levels left

rFire    . . .     SeeInvis .   j - +0 dagger
rCold    . . .     Faith    .   (no shield)
rNeg     . . .     Spirit   .   a - +0 robe
rPois    .         Reflect  .   (helmet restricted)
rElec    .         Harm     .   (no cloak)
rCorr    .         Rampage  .   (no gloves)
Will     .....                  (boots unavailable)
Stlth    ++........             (no amulet)
HPRegen  0.08/turn              (no ring)
MPRegen  0.11/turn              (no ring)

@: no status effects
A: beak, talons 3
a: no special abilities


You were on level 3 of the Dungeon.
You visited 1 branch of the dungeon, and saw 3 of its levels.

You collected 56 gold pieces.

Inventory:

Hand Weapons
 j - a +0 dagger (weapon)
   (You took it off a kobold on level 3 of the Dungeon)
Missiles
 e - 17 poisoned darts
Armour
 a - a +0 robe (worn)
Scrolls
 i - 3 scrolls of identify {unknown}
Potions
 b - 2 potions of degeneration {unknown}
 c - a potion of might {unknown}
 d - 2 potions of lignification {unknown}
 f - a potion of mutation {unknown}
 g - a potion of brilliance {unknown}


   Skills:
 - Level 2.1 Dodging
 - Level 2.0 Stealth
 + Level 2.8 Spellcasting
 + Level 3.2 Conjurations
 + Level 5.0 Air Magic


You had 2 spell levels left.
You knew the following spells:

 Your Spells              Type           Power        Failure   Level
a - Shock                 Conj/Air       60%          3%          1
d - Static Discharge      Conj/Air       15%          11%         3
s - Swiftness             Air            18%          3%          2

Your spell library contained the following spells:

 Spells                   Type           Power        Failure   Level
 Airstrike                Air            9%           24%         4
 Lightning Bolt           Conj/Air       7%           67%         5


Dungeon Overview and Level Annotations

Branches:
Dungeon (3/15)

Altars:
Ashenzari


Innate Abilities, Weirdness & Mutations

You have a beak for a mouth.
You have claws for feet.


Message History

A kobold comes into view. It is wielding a +0 dagger.
Aim: a kobold, wielding a +0 dagger and quivering 5 stones (asleep, 0% to evade)
The zap hits the kobold.
You kill the kobold!
Things that are here:
a +0 dagger; 5 stones
j - a +0 dagger
j - a +0 dagger (weapon)
Unknown command.
Drop what? 10/52 slots (_ for help) (? for menu, Esc to quit)
You drop a cursed -2 dagger.
An ooze comes into view.
Aim: an ooze (asleep, 0% to evade)
The zap hits the ooze.
The ooze quivers.
Aim: an ooze (heavily wounded, 2% to evade)
The zap hits the ooze.
You kill the ooze!
You hear the slow rusting of a distant drain.
A hobgoblin comes into view. It is wielding a +0 club.
The hobgoblin shouts!
You hear a shout!
You hear an angry hiss.
Aim: a hobgoblin, wielding a +0 club (29% to evade)
The zap hits the hobgoblin.
Aim: a hobgoblin, wielding a +0 club (almost dead, 29% to evade)
The zap hits the hobgoblin.
You kill the hobgoblin!
Your Air Magic skill increases to level 5!
A centaur comes into view.
A leopard gecko comes into view.
The leopard gecko hisses angrily.
The centaur misses you.
A giant cockroach comes into view.
The centaur barely misses you.
Found a stone staircase leading down.
The spell is quite dangerous to cast (11% risk of failure)!
Continue anyway?
The leopard gecko is struck by an arc of lightning.
You kill the leopard gecko!
You are struck by an arc of lightning.
The lightning grounds out.
The centaur is struck by an arc of lightning.
The lightning grounds out.
The centaur hits you.
The spell is quite dangerous to cast (11% risk of failure)!
Continue anyway?
The giant cockroach is struck by an arc of lightning.
You kill the giant cockroach!
The lightning grounds out.
The centaur hits you.
The centaur hits you but does no damage.
You hit the centaur. Your kick misses the centaur. You peck the centaur.
The centaur hits you!
* * * LOW HITPOINT WARNING * * *
The centaur wields a +0 shortbow.
The centaur shoots an arrow.
The arrow barely misses you.
The centaur shoots an arrow.
The arrow hits you!
You die...

### #.###### #......#
#.####.# #.# #.#
####.# #.#
#.c..####.#
#......##.#
#)@###.##.#######
#.....(..#.##.#.....#
#.#####....##.#.##.##
.>...#.#.#..<#
.###.#.#)#..## ..
#.#.#...# ##
#.#.##### #.#.# #...#


You could see a centaur.

Vanquished Creatures
  An adder (D:2)
  An ooze (D:3)
  2 worms (D:2)
  A dart slug (D:1)
  2 leopard geckos
  3 giant cockroaches
  5 goblins
  12 hobgoblins
  A quokka (D:2)
  A ball python (D:1)
  7 bats
  5 frilled lizards
  2 kobolds
  6 rats
49 creatures vanquished.

Notes
Turn   | Place    | Note
-------+----------+-------------------------------------------
     0 | D:1      | growler the Tengu Air Elementalist began the quest for the
                  | Orb.
     0 | D:1      | Reached XP level 1. HP: 10/10 MP: 4/4
   225 | D:1      | Reached XP level 2. HP: 15/15 MP: 3/6
   333 | D:1      | Learned a level 2 spell: Swiftness
   854 | D:1      | Reached XP level 3. HP: 19/19 MP: 4/7
  1724 | D:2      | Found a broken altar of Ashenzari.
  1744 | D:2      | Learned a level 3 spell: Static Discharge
  1829 | D:2      | Reached XP level 4. HP: 17/24 MP: 7/9
  2271 | D:3      | Reached skill level 5 in Air Magic
  2288 | D:3      | Noticed a centaur
  2294 | D:3      | Shot with an arrow by a centaur

Illustrated notes

Levels and vault maps discovered:
D:1:      dpeg_arrival_lava_temple_mockup, layout_basic
D:2:      layout_loops_ring, evilmike_ruin_ashenzari
D:3:      layout_basic, portal_sewer_entry_f, gammafunk_ghost_icy, uniq_sigmund

Skill      XL: |  1  2  3  4 |
---------------+-------------+-----
Conjurations   | 2 3 |  3.2
Air Magic      | 5 |  5.0
Dodging        | |  2.1
Stealth        | |  2.0
Spellcasting   | |  2.8

Action                   |  1- 3 |  4- 6 || total
-------------------------+-------+-------++-------
Melee: Unarmed           |     3 |       ||     3
       Peck              |     1 |     1 ||     2
       Dagger            |       |     1 ||     1
 Cast: Shock             |    74 |    13 ||    87
       Static Discharge  |       |     2 ||     2
Armor: Robe              |     4 |     1 ||     5
Dodge: Dodged            |     7 |     3 ||    10
